 Dungeon Crawl Stone Soup version 0.25-a0-523-g9afb2ee040 (webtiles) character file.

Game seed: 5845882077228406898, levelgen mode: deterministic

227464 Lugonue the Executioner (level 19, -3/179 HPs)
             Began as a Hill Orc Fighter on Feb 18, 2020.
             Was an Elder of Trog.
             Hit by a silver javelin thrown by a merfolk javelineer (4 damage)
             ... on level 4 of the Shoals.
             The game lasted 01:27:50 (27485 turns).

Lugonue the Executioner (Hill Orc Fighter)         Turns: 27485, Time: 01:27:51

Health: -3/179     AC: 28    Str: 31    XL:     19   Next: 38%
Magic:  20/20      EV:  8    Int:  7    God:    Trog [****..]
Gold:   2215       SH: 16    Dex: 17    Spells: 18/18 levels left

rFire    . . .     SeeInvis .   a - +6 broad axe (flame)
rCold    . . .     Gourm    +   c - +0 kite shield
rNeg     + + +     Faith    .   L - +1 plate armour of the Tundras {-Cast rPois Regen+ Dex+4}
rPois    +         Spirit   .   O - +2 hat {MR+}
rElec    +         Reflect  .   N - +2 ratskin cloak {+Rats rPois rN+ Str-1 Int-1 Dex+1}
rCorr    .         Harm     .   Y - +0 pair of gloves
MR       ++++.     Clarity  +   q - +2 pair of boots Stlth ..........NoCast +
                                v - amulet "Wisaphoe" {Gourm rN+ Slay+2}
HPRegen  2.19/turn              m - +3 ring of strength
MPRegen  0.17/turn              X - ring "Tohuitui" {rElec rN+ Str+2}

@: about to teleport, berserk cooldown, regenerating, slowed, very slow
A: agile 1, blink, blurry vision 1, clarity, regeneration 1, evolution 2
}: 1/15 runes: serpentine
a: Blink, Berserk, Trog's Hand, Brothers in Arms, Renounce Religion, Evoke
Ratskin


You were on level 4 of the Shoals.
You worshipped Trog.
Trog was greatly pleased with you.
You were not hungry.

You visited 5 branches of the dungeon, and saw 31 of its levels.
You also visited: Gauntlet and Ice Cave.

You collected 2949 gold pieces.
You spent 734 gold pieces at shops.

Inventory:

Hand Weapons
 a - a +6 broad axe of flaming (weapon)
 t - a +5 broad axe of flaming
 F - a +4 broad axe
 U - a +7 war axe of electrocution
Missiles
 h - 3 poisoned darts
 i - 10 throwing nets
 l - 2 curare-tipped darts
 s - 65 silver javelins (quivered)
 w - 49 boomerangs
 A - 10 javelins
 H - 2 silver boomerangs
Armour
 c - a +0 kite shield (worn)
 q - a +2 pair of boots (worn)
 L - the +1 plate armour of the Tundras (worn) {-Cast rPois Regen+ Dex+4}
   (You bought it in a shop on level 4 of the Dungeon)

   It affects your dexterity (+4).
   It protects you from poison.
   It prevents spellcasting.
   It increases your rate of regeneration.
   If you remove this armour, your AC will decrease by 17 (28 -> 11).
 N - the +2 ratskin cloak (worn) {+Rats rPois rN+ Str-1 Int-1 Dex+1}
   (You found it on level 15 of the Dungeon)

   It affects your strength (-1).
   It affects your intelligence (-1).
   It affects your dexterity (+1).
   It protects you from poison.
   It protects you from negative energy.
   If you remove this armour, your AC will decrease by 3 (28 -> 25).
 O - a +2 hat of magic resistance (worn)
 Y - a +0 pair of gloves (worn)
Jewellery
 m - a +3 ring of strength (left hand)
 o - an uncursed ring of protection from fire
 v - the amulet "Wisaphoe" (around neck) {Gourm rN+ Slay+2}
   (You found it in a Gauntlet)

   [amulet of the gourmand]

   It allows you to eat raw meat even when not hungry.
   It affects your accuracy and damage with ranged weapons and melee attacks
   (+2).
   It protects you from negative energy.
 y - an uncursed ring of resist corrosion
 z - an uncursed ring of see invisible
 X - the ring "Tohuitui" (right hand) {rElec rN+ Str+2}
   (You found it on level 4 of the Lair of Beasts)

   [ring of positive energy]

   It affects your strength (+2).
   It insulates you from electricity.
   It protects you from negative energy.
Wands
 e - a wand of acid (31)
 n - a wand of digging (2)
 u - a wand of paralysis (30)
 I - a wand of clouds (1)
 J - a wand of disintegration (4)
 K - a wand of scattershot (4)
Scrolls
 b - a scroll of torment
 d - 4 scrolls of fear
 j - 9 scrolls of magic mapping
 k - 15 scrolls of identify
 r - 8 scrolls of remove curse
 C - a scroll of enchant armour
 D - 4 scrolls of teleportation
 S - 3 scrolls of fog
Potions
 g - 2 potions of resistance
 p - 10 potions of curing
 x - 5 potions of stabbing
 G - 3 potions of invisibility
 M - 2 potions of mutation
 P - 2 potions of cancellation
 Q - 2 potions of might
 T - 5 potions of haste
 V - 4 potions of ambrosia
 Z - a potion of brilliance
Comestibles
 f - 51 rations
 B - 2 chunks of flesh


   Skills:
 + Level 17.9 Fighting
 + Level 21.4 Axes
 + Level 13.9 Throwing
 + Level 14.8 Armour
 + Level 18.1 Shields
 + Level 2.2 Evocations


You had 18 spell levels left.
You didn't know any spells.
Your spell library was empty.

Dungeon Overview and Level Annotations

Branches:
Dungeon (15/15)            Temple (0/1) D:6            Lair (6/6) D:8
 Shoals (4/4) Lair:4        Snake (4/4) Lair:2        Slime (0/5) Lair:6
    Orc (2/2) D:10            Elf (0/3) Orc:2        Vaults (0/5) D:14
 Depths (0/5) D:15          IceCv (visited)         Gauntlet (visited)

Altars:
Okawaru
Trog
Vehumet
Wu Jian
Xom
Yredelemnul
Beogh

Shops:
D:4 [   Orc:1 =   Orc:2 %}*(   Shoals:3 *

Annotations:
Lair:6 exclusion: 3 oklob plants
Shoals:1 1 runed translucent door
Orc:2 1 runed translucent door, Lanoc's ghost, journeyman HaWr


Innate Abilities, Weirdness & Mutations

You are agile. (Dex +2)
You can translocate small distances at will.
Scrolls take you a little longer to read.
You possess an exceptional clarity of mind.
Your natural rate of healing is unusually fast.
You rapidly evolve.


Message History

* * * LOW HITPOINT WARNING * * *
Splash!
The wave splashes down.
The merfolk impaler hits you from afar with a +6 trident of freezing.
* * * LOW HITPOINT WARNING * * *
The merfolk impaler freezes you.
* * * LOW HITPOINT WARNING * * *
You hear an angry hiss.
You hear a shout!
As you read the scroll of teleportation, it crumbles to dust.
You feel strangely unstable.
Okay, then.
Unknown command.
You feel better.
A merfolk javelineer comes into view.
It is wielding a +0 antimagic spear and quivering 13 silver javelins.
You block the merfolk impaler's attack. The merfolk impaler barely misses you.
The merfolk javelineer throws a silver javelin.
The silver javelin pierces through you!
* * * LOW HITPOINT WARNING * * *
The silver sears you!
You die...

..≈..........≈≈#
..≈..##.......≈#
..............##
..............≈#
.........≈≈≈.)≈
..........≈##.#
..........m##.###
≈...)......)...≈#### #
..........)...)≈@#≈#§≈#..
#≈#..≈≈≈≈((..).(≈†.[..(...
###..≈≈≈≈≈≈≈≈.m.).m....(..
..###(P≈≈≈≈≈...(..........
...##≈≈P≈≈≈.t((.#≈##......
#.##≈≈≈≈≈)..(.##### #.....
.≈≈##≈P≈(..(### ##...
#.##≈......(≈# ..≈
...#≈≈.......#


You could see a merfolk impaler, a merfolk javelineer, a merfolk aquamancer and
a snapping turtle.

Vanquished Creatures
  Mara (Shoals:4)
  Bai Suzhen (Shoals:4)
  Jorgrun (Snake:2)
  Kirke (D:14)
  Polyphemus (Shoals:3)
  Gastronok (Lair:2)
  Roxanne (Shoals:3)
  Ilsuiw (Shoals:3)
  8 nagarajas
  A frost giant (Shoals:4)
  4 merfolk javelineers
  A minotaur (Gauntlet)
  Josephine (Shoals:1)
  A death ooze (Gauntlet)
  11 merfolk impalers
  A yaktaur captain (D:15)
  An ogre mage (D:15)
  18 naga warriors
  6 vault guards (D:14)
  6 hydras
  3 merfolk avatars
  3 catoblepae
  9 anacondas
  2 centaur warriors
  A death knight (D:12)
  A satyr (Shoals:4)
  2 alligator snapping turtles
  10 death yaks
  3 merfolk aquamancers
  6 two-headed ogres
  6 orc high priests (Orc:2)
  3 tengu warriors
  17 naga sharpshooters
  2 shock serpents
  A salamander mystic (Snake:4)
  A skeletal warrior (D:12)
  An unseen horror (D:15)
  9 sea snakes
  A lindwurm (Lair:5)
  A phantasmal warrior (D:12)
  2 oklob plants
  5 harpies (Shoals:3)
  7 naga ritualists
  4 orc sorcerers
  9 fauns (Shoals:2)
  9 orc knights
  5 ugly things
  6 mana vipers
  6 cyclopes
  15 manticores
  12 salamanders
  9 elephants
  8 merfolk sirens
  An ice statue (IceCv)
  41 black mambas
  30 naga magi
  2 gargoyles
  4 guardian serpents
  4 water nymphs
  Maurice (Orc:1)
  24 spiny frogs
  9 komodo dragons
  A kobold demonologist (D:11)
  6 rime drakes
  A freezing wraith (D:12)
  A tengu conjurer (D:14)
  A yaktaur (D:15)
  33 merfolk
  A queen bee (Lair:3)
  4 trolls
  4 tyrant leeches (Lair:6)
  7 wind drakes
  3 polar bears
  A wolf spider simulacrum (D:14)
  3 dream sheep (Shoals:4)
  18 blink frogs
  A hippogriff (shapeshifter) (D:13)
  7 snapping turtles
  7 hippogriffs
  A spriggan (D:10)
  A shadow (D:13)
  5 water elementals
  5 wraiths
  A wyvern (D:14)
  3 hogs (D:14)
  5 humans (D:14)
  25 yaks
  A vampire (D:12)
  5 basilisks
  Grum (Lair:1)
  3 hungry ghosts
  6 vampire mosquitoes (Lair:6)
  48 nagas
  2 wargs
  2 swamp worms (Gauntlet)
  An acid dragon (D:15)
  14 water moccasins
  10 porcupines
  39 orc warriors
  9 ice beasts
  2 black bears
  A phantom (D:7)
  2 sky beasts
  An eye of draining (D:15)
  2 necrophages
  11 centaurs
  16 ogres
  4 wolves (Lair:1)
  14 crocodiles
  Blork the orc (D:5)
  A big kobold (D:13)
  22 bullfrogs
  A wyvern skeleton (D:9)
  5 scorpions
  31 killer bees
  16 wights
  3 howler monkeys
  An electric eel (Lair:6)
  5 crimson imps
  5 centaur zombies
  A jelly (D:10)
  3 bullfrog zombies
  5 centaur skeletons
  9 hounds
  25 orc priests
  3 bullfrog skeletons
  Ijyb (D:4)
  2 iguanas
  23 orc wizards
  8 worker ants
  A hound zombie (D:8)
  A hound skeleton (D:7)
  Robin (D:4)
  A howler monkey skeleton (D:11)
  17 gnolls
  10 adders
  5 shadow imps
  12 white imps (Lair:5)
  An ooze (D:4)
  2 adder skeletons
  A worm (D:2)
  3 dart slugs
  7 leopard geckos
  110 orcs
  13 bats
  A giant cockroach (D:3)
  13 goblins
  7 hobgoblins
  13 jackals
  5 quokkas
  A ball python skeleton (D:5)
  4 frilled lizards
  19 kobolds
  12 rats
  A spectral orc (D:7)
  2 fungi (Lair:6)
  16 plants
1151 creatures vanquished.

Vanquished Creatures (collateral kills)
  A death drake (Gauntlet)
  A merfolk siren (Shoals:3)
  A komodo dragon (Lair:5)
  A water elemental (Shoals:3)
4 creatures vanquished.

Vanquished Creatures (others)
  A sea snake (Shoals:4)
  A human (D:14)
  An eye of draining (D:12)
  A bullfrog (D:12)
  An orc (D:10)
  9 fungi (Lair:6)
  44 plants
  4 withered plants (Gauntlet)
62 creatures vanquished.

Grand Total: 1217 creatures vanquished

Notes
Turn   | Place    | Note
-------+----------+-------------------------------------------
     0 | D:1      | Lugonue the Hill Orc Fighter began the quest for the Orb.
     0 | D:1      | Reached XP level 1. HP: 19/19 MP: 1/1
    78 | D:1      | Reached skill level 3 in Axes
   130 | D:1      | Reached XP level 2. HP: 27/27 MP: 2/2
   203 | D:1      | Reached skill level 4 in Axes
   288 | D:1      | Reached XP level 3. HP: 17/33 MP: 3/3
   987 | D:2      | Reached skill level 5 in Axes
  1203 | D:2      | Reached XP level 4. HP: 40/40 MP: 4/4
  1652 | D:3      | Reached skill level 6 in Axes
  1699 | D:3      | Reached XP level 5. HP: 41/46 MP: 5/5
  1905 | D:3      | Found a bloodstained altar of Trog.
  1918 | D:3      | Became a worshipper of Trog the Wrathful
  2263 | D:4      | Noticed an ogre
  2273 | D:4      | Killed an ogre
  2273 | D:4      | Reached skill level 7 in Axes
  2273 | D:4      | Reached skill level 1 in Throwing
  2292 | D:4      | Reached XP level 6. HP: 32/52 MP: 6/6
  2348 | D:4      | Noticed Ijyb
  2372 | D:4      | Killed Ijyb
  2373 | D:4      | Reached skill level 8 in Axes
  2578 | D:4      | Noticed Robin
  2585 | D:4      | Killed Robin
  2623 | D:4      | Found Funoic's Armour Shop.
  2750 | D:5      | Entered Level 5 of the Dungeon
  2773 | D:5      | Found a shimmering altar of Xom.
  2773 | D:5      | Found an ornate altar of the Wu Jian Council.
  2774 | D:5      | Found a radiant altar of Vehumet.
  2793 | D:5      | Reached * piety under Trog
  2879 | D:5      | Reached XP level 7. HP: 37/58 MP: 7/7
  2906 | D:5      | Reached skill level 9 in Axes
  3228 | D:5      | Noticed Blork the orc
  3245 | D:5      | Killed Blork the orc
  3411 | D:6      | Found a staircase to the Ecumenical Temple.
  3445 | D:6      | Reached skill level 10 in Axes
  3456 | D:6      | Reached XP level 8. HP: 62/67 MP: 8/8
  3623 | D:6      | Reached ** piety under Trog
  3661 | D:6      | Reached skill level 11 in Axes
  3801 | D:6      | Reached skill level 5 in Shields
  4224 | D:7      | Reached skill level 5 in Fighting
  4245 | D:7      | Reached skill level 12 in Axes
  4245 | D:7      | Reached XP level 9. HP: 48/74 MP: 9/9
  4278 | D:7      | Reached skill level 5 in Armour
  4405 | D:7      | Found a basalt altar of Yredelemnul.
  5023 | D:8      | Reached skill level 13 in Axes
  5078 | D:8      | Reached XP level 10. HP: 32/84 MP: 10/10
  5415 | D:8      | Reached *** piety under Trog
  5802 | D:8      | Reached skill level 14 in Axes
  6010 | D:8      | Found a staircase to the Lair.
  6705 | D:9      | Reached skill level 15 in Axes
  6721 | D:9      | Reached XP level 11. HP: 65/95 MP: 11/11
  6896 | D:9      | Reached **** piety under Trog
  7014 | D:9      | Found a roughly hewn altar of Beogh.
  7153 | D:10     | Entered Level 10 of the Dungeon
  7396 | D:4      | Bought the +1 plate armour of the Tundras {-Cast rPois
                  | Regen+ Dex+4} for 487 gold pieces
  7710 | D:10     | Found a staircase to the Orcish Mines.
  7747 | Orc:1    | Entered Level 1 of the Orcish Mines
  7749 | Orc:1    | Noticed an orc sorcerer
  7753 | Orc:1    | Found Xuebbof's Jewellery Shoppe.
  7753 | Orc:1    | Noticed an orc knight
  7765 | Orc:1    | Killed an orc sorcerer
  7769 | Orc:1    | Killed an orc knight
  7775 | Orc:1    | Noticed Maurice
  7779 | Orc:1    | Noticed an orc knight
  7784 | Orc:1    | Noticed an orc sorcerer
  7864 | Orc:1    | Killed Maurice
  7865 | Orc:1    | Killed an orc sorcerer
  7865 | Orc:1    | Reached skill level 16 in Axes
  7872 | Orc:1    | Killed an orc knight
  8121 | Orc:2    | Entered Level 2 of the Orcish Mines
  8231 | Orc:2    | Noticed an orc sorcerer
  8242 | Orc:2    | Killed an orc sorcerer
  8268 | Orc:2    | Noticed an orc sorcerer
  8282 | Orc:2    | Killed an orc sorcerer
  8292 | Orc:2    | Reached ***** piety under Trog
  8292 | Orc:2    | Received a gift from Trog
  8323 | Orc:2    | Found a staircase to the Elven Halls.
  8415 | Orc:2    | Reached skill level 10 in Fighting
  8419 | Orc:2    | Noticed an orc high priest
  8425 | Orc:2    | Noticed an orc knight
  8425 | Orc:2    | Noticed an orc knight
  8427 | Orc:2    | Reached XP level 12. HP: 90/106 MP: 12/12
  8495 | Orc:2    | HP: 2/106 [orc knight/+0 war axe (27)]
  8593 | Orc:2    | Found a roughly hewn altar of Beogh.
  8717 | Orc:2    | Noticed an orc high priest
  8889 | Orc:2    | Killed an orc high priest
  8973 | Orc:2    | Noticed an orc high priest
  8989 | Orc:2    | Killed an orc high priest
  9061 | Orc:2    | Found a runed translucent door.
  9061 | Orc:2    | Found a shimmering altar of Xom.
  9061 | Orc:2    | Noticed Lanoc's ghost (journeyman HaWr)
  9061 | Orc:2    | Noticed a +2 rapier of chaos
  9307 | Orc:2    | Reached skill level 17 in Axes
  9358 | Orc:2    | Noticed an orc high priest
  9363 | Orc:2    | Gained mutation: Your body sometimes deteriorates upon
                  | taking damage. [a neqoxec]
  9373 | Orc:2    | Killed an orc high priest
  9373 | Orc:2    | Reached skill level 10 in Shields
  9391 | Orc:2    | Noticed an orc high priest
  9413 | Orc:2    | Noticed a soul eater
  9472 | Orc:2    | Killed an orc high priest
  9538 | Orc:2    | Noticed an orc high priest
  9550 | Orc:2    | Killed an orc high priest
  9573 | Orc:2    | Killed an orc high priest
  9734 | Orc:2    | Found Neally's Antique Weapon Shoppe.
  9737 | Orc:2    | Found Hiemih's Gadget Emporium.
  9738 | Orc:2    | Found Guacrix's Food Shoppe.
  9739 | Orc:2    | Found Foixan's General Store.
 10243 | D:11     | Reached XP level 13. HP: 98/117 MP: 13/13
 10350 | D:11     | Reached skill level 10 in Armour
 11055 | D:12     | Found a gate leading to a gauntlet.
 11062 | D:12     | Received a gift from Trog
 11137 | Gauntlet | Entered a Gauntlet
 11137 | Gauntlet | Found a transporter.
 11137 | Gauntlet | Found a transporter.
 11140 | Gauntlet | Found a transporter.
 11140 | Gauntlet | Found a transporter.
 11147 | Gauntlet | Noticed a death ooze
 11165 | Gauntlet | Found a transporter.
 11181 | Gauntlet | Killed a death ooze
 11191 | Gauntlet | Found a transporter.
 11199 | Gauntlet | Found a transporter.
 11203 | Gauntlet | Found a transporter.
 11203 | Gauntlet | Found a transporter.
 11204 | Gauntlet | Found a transporter.
 11250 | Gauntlet | Found a transporter.
 11250 | Gauntlet | Found a transporter.
 11278 | Gauntlet | Got a vibrating silver amulet
 11459 | Gauntlet | Identified the amulet "Wisaphoe" {Gourm rN+ Slay+2} (You
                  | found it in a Gauntlet)
 11504 | Gauntlet | Noticed a minotaur
 11521 | Gauntlet | Killed a minotaur
 11881 | D:12     | Found the +11 plutonium sword {*Contam Stlth-}
 12531 | D:13     | Reached skill level 18 in Axes
 13277 | D:14     | Reached XP level 14. HP: 126/126 MP: 14/14
 13280 | D:14     | Noticed Kirke
 13300 | D:14     | Killed Kirke
 13487 | D:14     | Reached skill level 5 in Throwing
 13660 | D:14     | Found a gate to the Vaults.
 14056 | D:15     | Entered Level 15 of the Dungeon
 14129 | D:15     | Found the +2 ratskin cloak {+Rats rPois rN+ Str-1 Int-1
                  | Dex+1}
 14265 | D:15     | HP: 9/190 [ogre mage/bolt of lightning (17)]
 14668 | D:15     | Lost mutation: Your body sometimes deteriorates upon taking
                  | damage. [potion of mutation]
 14668 | D:15     | Gained mutation: Scrolls take you a little longer to read.
                  | [potion of mutation]
 14668 | D:15     | Gained mutation: You evolve. [potion of mutation]
 14878 | D:15     | Found a staircase to the Depths.
 15193 | Lair:1   | Entered Level 1 of the Lair of Beasts
 15193 | Lair:1   | Noticed Grum
 15209 | Lair:1   | Killed Grum
 15953 | Lair:2   | Noticed Gastronok
 15965 | Lair:2   | Killed Gastronok
 16314 | Lair:2   | Reached XP level 15. HP: 136/136 MP: 15/15
 16360 | Lair:2   | Found a staircase to the Snake Pit.
 16746 | Lair:2   | Gained mutation: You rapidly evolve. [evolution]
 16770 | Lair:3   | Reached skill level 19 in Axes
 16952 | Lair:3   | Received a gift from Trog
 17735 | Lair:4   | Found a staircase to the Shoals.
 17744 | Lair:4   | Got a slimy platinum ring
 18108 | Lair:4   | Gained mutation: You are agile. (Dex +2) [evolution]
 18228 | Lair:5   | Reached skill level 15 in Shields
 18307 | Lair:5   | Found a frozen archway.
 18350 | IceCv    | Entered an ice cave
 18355 | IceCv    | Received a gift from Trog
 18359 | IceCv    | Reached skill level 15 in Fighting
 18425 | IceCv    | Identified the ring "Tohuitui" {rElec rN+ Str+2} (You found
                  | it on level 4 of the Lair of Beasts)
 18547 | IceCv    | Reached skill level 1 in Evocations
 19322 | Lair:6   | Entered Level 6 of the Lair of Beasts
 19452 | Lair:6   | Found a staircase to the Slime Pits.
 19669 | Lair:6   | Received a gift from Trog
 19713 | Lair:6   | Reached XP level 16. HP: 114/149 MP: 17/17
 19725 | Lair:6   | Reached skill level 20 in Axes
 20284 | Lair:6   | Got a brightly glowing scythe
 20386 | Snake:1  | Entered Level 1 of the Snake Pit
 20888 | Snake:1  | Received a gift from Trog
 22029 | Snake:2  | Noticed Jorgrun
 22043 | Snake:2  | Killed Jorgrun
 22521 | Snake:3  | Gained mutation: Your natural rate of healing is unusually
                  | fast. [evolution]
 22592 | Snake:3  | Received a gift from Trog
 22607 | Snake:3  | Reached XP level 17. HP: 145/159 MP: 18/18
 23172 | Snake:4  | Entered Level 4 of the Snake Pit
 23254 | Snake:4  | Found an iron altar of Okawaru.
 23547 | Snake:4  | Received a gift from Trog
 23670 | Snake:4  | Reached skill level 10 in Throwing
 24398 | Snake:4  | Reached XP level 18. HP: 169/169 MP: 19/19
 24412 | Snake:4  | Received a gift from Trog
 24453 | Snake:4  | Got a serpentine rune of Zot
 24657 | Shoals:1 | Entered Level 1 of the Shoals
 24657 | Shoals:1 | Found a runed translucent door.
 24724 | Shoals:1 | Gained mutation: You possess an exceptional clarity of
                  | mind. [evolution]
 24884 | Shoals:1 | Noticed Josephine
 24890 | Shoals:1 | Killed Josephine
 24890 | Shoals:1 | Reached skill level 21 in Axes
 25299 | Shoals:2 | Received a gift from Trog
 25812 | Shoals:3 | Noticed Polyphemus
 25828 | Shoals:3 | Killed Polyphemus
 25910 | Shoals:3 | Noticed Roxanne
 25934 | Shoals:3 | Killed Roxanne
 26003 | Shoals:3 | Received a gift from Trog
 26043 | Shoals:3 | Found Lung's Assorted Antiques.
 26060 | Shoals:3 | Bought a scroll of enchant armour for 247 gold pieces
 26062 | Shoals:3 | Noticed Ilsuiw
 26081 | Shoals:3 | Killed Ilsuiw
 26258 | Shoals:4 | Entered Level 4 of the Shoals
 26260 | Shoals:4 | Noticed Mara
 26997 | Shoals:4 | Identified the cursed +1 short sword of Blood-Lust {venom,
                  | rN+ Str+7}
 27008 | Shoals:4 | Reached XP level 19. HP: 144/178 MP: 20/20
 27065 | Shoals:4 | Received a gift from Trog
 27070 | Shoals:4 | Gained mutation: You can translocate small distances at
                  | will. [evolution]
 27309 | Shoals:4 | Noticed Lugonue's illusion
 27334 | Shoals:4 | HP: 8/178 [merfolk impaler/+0 trident of venom (9)]
 27406 | Shoals:4 | Killed Mara
 27449 | Shoals:4 | Noticed Bai Suzhen
 27473 | Shoals:4 | Killed Bai Suzhen
 27484 | Shoals:4 | HP: 7/179 [merfolk impaler/+6 trident of freezing (2)]
 27485 | Shoals:4 | HP: 1/179 [merfolk javelineer/silver javelin (14)]
 27485 | Shoals:4 | Hit by a silver javelin thrown by a merfolk javelineer

Levels and vault maps discovered:
D:1:      dpeg_arrival_tiny_k, layout_loops_ring
D:2:      layout_loops_ring, minmay_misc_feat_tiny, minmay_misc_feat_plants,
          roderic_lattice_a, nicolae_tso_swordbearing_angel
D:3:      layout_basic, first_ration, trog_book
D:4:      layout_loops_ring, serial_shops, shop_fountains, uniq_ijyb, uniq_robin
D:5:      layout_basic, grunt_temple_overflow_open, uniq_blork_the_orc
D:6:      layout_basic, minmay_temple_entry_mist, grunt_ministairs_13,
          ebering_dispersal_statue_hall
D:7:      layout_loops_ring, yredelemnul_forgotten_temple_becter
D:8:      minmay_evil_eye, layout_loops_ring, david_lair_shrubbed
D:9:      layout_cave_pools, special_room [special_room_orc]
D:10:     layout_loops_ring, erik_orc_3, hangedman_stone_soup
D:11:     layout_long_grid
D:12:     layout_basic, gauntlet_entry_generic, lemuel_flamethrower_2
D:13:     layout_gridville
D:14:     layout_stronghold, ximxim_vaults_locker_room, uniq_kirke
D:15:     grunt_enter_depths_snipers, layout_grid_maze,
          hangedman_abyss_or_decor_lesser_grid
Lair:1:   layout_regular_city, uniq_grum
Lair:2:   layout_hall_layers, guppyfry_snake_entry_garden, st_stairs_8,
          minivault_19, serial_bayou_pond_c, uniq_gastronok
Lair:3:   layout_roguey [special_room_bee]
Lair:4:   layout_layer_cave, shoals_dummy_entry, serial_bayou_crossing
Lair:5:   layout_gridlike, portal_ice_cave_entry_imps, grunt_megastairs_5,
          infiniplex_staircase_pool
Lair:6:   minmay_lair_end_frog_pond, layout_misc_corridors,
          minmay_slime_entry_oklob_open, minmay_lair_oklob_items,
          minmay_lair_drake_nest
Shoals:1: layout_shoals, lightli_airlock, uniq_josephine
Shoals:2: layout_shoals
Shoals:3: layout_shoals, serial_shops, nicolae_shop_trees, uniq_ilsuiw,
          uniq_roxanne, uniq_polyphemus
Shoals:4: shoals_end_grunt_ice, layout_shoals, uniq_bai_suzhen, uniq_mara
Snake:1:  layout_layer_cave
Snake:2:  layout_cave_pods, uniq_jorgrun
Snake:3:  layout_cave_pods, grunt_megastairs_2
Snake:4:  snake_pit, layout_cave_town, lemuel_oklob_altar
Orc:1:    layout_diamond_mine, serial_shops, shop, mines2_david, uniq_urug,
          uniq_maurice
Orc:2:    st_orc_pillars, layout_diamond_mine, ebering_ghost_xom,
          lemuel_statue_altar

Skill      XL: |  1  2  3  4  5  6  7  8  9 10 11 12 13 14 15 16 17 18 19 |
---------------+----------------------------------------------------------+-----
Axes           | 3 4 5 6 7 8 10 12 13 15 16 17 18 19 20 21 | 21.4
Throwing       | 1 3 4 6 8 11 13 | 13.9
Fighting       | 4 5 6 8 10 11 13 14 15 16 17 | 17.9
Shields        | 4 5 6 7 9 10 12 14 15 16 17 18 | 18.1
Armour         | 4 6 7 8 9 11 12 13 14 | 14.8
Evocations     | 1 2 |  2.2

Action                   |  1- 3 |  4- 6 |  7- 9 | 10-12 | 13-15 | 16-18 | 19-21 || total
-------------------------+-------+-------+-------+-------+-------+-------+-------++-------
Melee: War axe           |   132 |   140 |   261 |   665 |  1026 |       |       ||  2224
       Hand axe          |       |       |       |       |    26 |       |       ||    26
       Broad axe         |       |       |       |       |    20 |   759 |    98 ||   877
Throw: Dart              |     5 |     7 |     2 |    36 |    11 |    83 |    15 ||   159
       Boomerang         |       |       |       |     2 |    70 |   744 |    52 ||   868
       Javelin           |       |       |       |       |     6 |       |    19 ||    25
Invok: Berserk           |       |       |     2 |     6 |     6 |     2 |     1 ||    17
       Trog's Hand       |       |       |       |    15 |     8 |    10 |     5 ||    38
       Brothers in Arms  |       |       |       |       |     1 |     2 |       ||     3
 Abil: Evoke Ratskin     |       |       |       |       |     6 |       |       ||     6
Evoke: Wand              |       |       |       |     2 |     6 |     4 |     4 ||    16
  Use: Scroll            |       |     8 |    10 |     7 |    22 |     7 |     4 ||    58
       Potion            |       |       |       |     3 |     7 |       |     4 ||    14
 Stab: Confused          |       |       |       |       |       |     5 |       ||     5
  Eat: Chunk             |     1 |     5 |     3 |    10 |    32 |    18 |     1 ||    70
       Ration            |       |       |     2 |     6 |     5 |     5 |       ||    18
Armor: Scale mail        |    70 |    86 |    73 |    60 |       |       |       ||   289
       Plate armour      |       |       |       |   132 |   495 |   369 |    69 ||  1065
Dodge: Dodged            |    50 |    50 |    74 |   129 |   221 |   143 |    28 ||   695
Block: Kite shield       |    66 |    88 |   125 |   325 |   658 |   607 |    90 ||  1959

Table legend:
 A = Non-vault XP
 B = Vault XP
 C = Vault XP percentage of total XP
 D = Non-vault monster count
 E = Vault monster count
 F = Vault count percentage of total count
                 A         B        C        D         E       F
            +---------+---------+-------+---------+---------+-------
      Total |  217612 |  131049 |  37.6 |     797 |     341 |  30.0
            +---------+---------+-------+---------+---------+-------
        D:1 |      57 |       0 |   0.0 |      32 |       0 |   0.0
        D:2 |      43 |       0 |   0.0 |      20 |       0 |   0.0
        D:3 |      96 |       0 |   0.0 |      14 |       0 |   0.0
        D:4 |     199 |      69 |  25.7 |      10 |      11 |  52.4
        D:5 |     488 |      99 |  16.9 |      23 |       1 |   4.2
        D:6 |     832 |       0 |   0.0 |      22 |       0 |   0.0
        D:7 |    1252 |       1 |   0.1 |      25 |       1 |   3.8
        D:8 |    3196 |     850 |  21.0 |      31 |       5 |  13.9
        D:9 |    2142 |     189 |   8.1 |      27 |      12 |  30.8
       D:10 |     834 |    1057 |  55.9 |      12 |      19 |  61.3
       D:11 |    5667 |       0 |   0.0 |      38 |       0 |   0.0
       D:12 |    7249 |       0 |   0.0 |      29 |       0 |   0.0
       D:13 |    5527 |       0 |   0.0 |      33 |       0 |   0.0
       D:14 |    5079 |    9765 |  65.8 |      20 |      15 |  42.9
       D:15 |    8505 |    2285 |  21.2 |      22 |       3 |  12.0
     Lair:1 |     951 |     649 |  40.6 |       5 |       5 |  50.0
     Lair:2 |    4286 |    2808 |  39.6 |      18 |       5 |  21.7
     Lair:3 |    7246 |    1867 |  20.5 |      18 |      26 |  59.1
     Lair:4 |    7164 |       0 |   0.0 |      23 |       0 |   0.0
     Lair:5 |    5808 |    2237 |  27.8 |      18 |      16 |  47.1
     Lair:6 |   10576 |   14654 |  58.1 |      30 |      54 |  64.3
   Shoals:1 |    5634 |    1984 |  26.0 |      13 |       5 |  27.8
   Shoals:2 |   18828 |       0 |   0.0 |      41 |       0 |   0.0
   Shoals:3 |   16592 |   12798 |  43.5 |      31 |      11 |  26.2
   Shoals:4 |   12963 |   27402 |  67.9 |      26 |      21 |  44.7
    Snake:1 |   10990 |       0 |   0.0 |      21 |       0 |   0.0
    Snake:2 |   20742 |    2676 |  11.4 |      36 |       1 |   2.7
    Snake:3 |   17159 |    2537 |  12.9 |      33 |       7 |  17.5
    Snake:4 |   29722 |   29468 |  49.8 |      54 |      45 |  45.5
      Orc:1 |    3562 |     426 |  10.7 |      25 |       1 |   3.8
      Orc:2 |    4223 |   11761 |  73.6 |      47 |      63 |  57.3
      IceCv |       0 |    2347 | 100.0 |       0 |       9 | 100.0
   Gauntlet |       0 |    3120 | 100.0 |       0 |       5 | 100.0
            +---------+---------+-------+---------+---------+-------
